Map: At Eternity's Edge LE

Players

liquidclem (Clem)

  • Race: Terran Terran
  • League: Master

MaxPax - Winner!

  • Race: Protoss Protoss
  • League: Grandmaster

VOD

Have the link to the VOD?

Description

Time

  • Played on: Oct. 26, 2026, 9:02 a.m.
  • Length: 6:41
Show
View Real Time Build Order
Export as new Build Order

liquidclem Terran 

Build Orders:  

Get SALT Encoding   

  12  0:00  SCV  
  13  0:12  SCV  
  14  0:16  Supply Depot  
  14  0:24  SCV  
  15  0:38  SCV  
  15  0:40  Barracks  
  16  0:42  Refinery  
  16  0:50  SCV  
  17  1:02  SCV  
  18  1:14  SCV  
  19  1:27  Marine, Orbital Command  
  20  1:43  Reaper  
  21  1:50  Command Center  
  21  1:53  SCV  
  22  2:01  Supply Depot  
  22  2:05  SCV  
  22  2:07  Factory  
  23  2:12  Refinery  
  23  2:21  Bunker  
  23  2:22  Barracks Reactor  
  23  2:23  SCV  
  24  2:35  SCV  
  25  2:47  SCV  
  28  2:51  Hellion, Starport  
  28  2:58  Marine  
  28  2:59  Marine, SCV  
  28  3:02  Supply Depot  
  31  3:07  Orbital Command  
  31  3:11  SCV  
  32  3:12  Factory Tech Lab  
  32  3:16  Marine  
  32  3:17  Marine  
  34  3:25  SCV  
  35  3:28  Supply Depot  
  35  3:33  SCV  
  36  3:37  Factory Tech Lab  
  36  3:38  SCV  
  36  3:41  Raven  
  39  3:45  SCV  
  40  3:49  Marine  
  40  3:50  SCV  
  40  3:55  Marine  
  43  3:57  Siege Tank, SCV  
  43  4:02  SCV  
  47  4:07  Barracks  
  47  4:09  SCV  
  47  4:14  Marine  
  47  4:17  SCV  
  49  4:18  Supply Depot  
  49  4:21  Barracks  
  49  4:22  SCV  
  50  4:29  SCV, Siege Tank  
  54  4:31  Marine  
  54  4:32  Marine  
  54  4:34  SCV  
  54  4:38  Refinery  
  57  4:41  SCV, Bunker  
  58  4:46  Supply Depot, SCV  
  58  4:49  Marine  
  58  4:50  Marine  
  61  4:53  SCV, Engineering Bay  
  61  4:57  Starport Reactor  
  61  4:58  SCV  
  63  5:05  SCV  
  63  5:07  Marine  
  64  5:08  Marine  
  64  5:11  SCV  
  64  5:13  Supply Depot  
  67  5:16  Marauder  
  67  5:17  SCV  
  67  5:18  Marauder  
  69  5:23  SCV  
  69  5:26  Marine  
  69  5:30  SCV  
  69  5:35  SCV  
  71  5:40  Marine  
  73  5:42  SCV  
  73  5:44  Refinery  
  73  5:47  SCV  
  74  5:52  Medivac  
  74  5:53  Medivac  
  74  5:55  SCV  
  74  5:56  Supply Depot  
  79  5:59  SCV  
  79  6:03  Command Center  
  80  6:07  SCV  
  80  6:08  Marine x3  
  80  6:11  SCV, Marauder  
  80  6:14  Factory Reactor  
  74  6:19  SCV  
  74  6:23  SCV  
Show
View Real Time Build Order
Export as new Build Order

MaxPax Protoss - Winner!

Build Orders: 1 Gate Expand, Blink Stalkers 

Get SALT Encoding   

  12  0:00  Probe  
  13  0:12  Probe  
  14  0:16  Pylon  
  14  0:24  Probe (Chrono Boost)  
  16  0:35  Gateway  
  16  0:36  Probe (Chrono Boost)  
  16  0:42  Probe (Chrono Boost)  
  16  0:44  Assimilator  
  17  0:50  Probe  
  18  1:03  Probe  
  19  1:15  Probe  
  20  1:23  Cybernetics Core  
  21  1:32  Probe  
  21  1:33  Nexus  
  21  1:40  Pylon  
  21  1:44  Probe  
  22  1:53  Assimilator, Adept (Chrono Boost)  
  21  1:57  Probe  
  21  2:00  Warp Gate  
  24  2:09  Probe  
  24  2:13  Adept (Chrono Boost)  
  25  2:21  Probe  
  28  2:27  Twilight Council  
  28  2:33  Probe  
  29  2:40  Gateway  
  31  2:44  Stalker  
  31  2:45  Probe (Chrono Boost)  
  33  2:54  Probe (Chrono Boost)  
  33  2:56  Probe (Chrono Boost)  
  34  3:01  Probe x2 (Chrono Boost)  
  34  3:03  Blink (Chrono Boost)  
  36  3:11  Probe  
  36  3:12  Probe  
  38  3:15  Pylon  
  38  3:23  Probe  
  38  3:26  Probe  
  40  3:27  Robotics Facility  
  40  3:32  Pylon  
  40  3:35  Probe  
  40  3:38  Probe  
  42  3:47  Probe  
  43  3:50  Probe  
  43  3:54  Stalker x2  
  46  4:00  Probe  
  46  4:02  Probe  
  48  4:07  Gateway  
  48  4:08  Assimilator  
  48  4:09  Gateway  
  46  4:11  Warp Prism (Chrono Boost)  
  46  4:12  Probe  
  46  4:16  Probe  
  50  4:21  Stalker  
  50  4:23  Stalker  
  54  4:37  Nexus  
  54  4:43  Observer  
  55  4:46  Pylon  
  55  4:48  Pylon, Probe x2  
  57  5:00  Probe x2  
  57  5:06  Stalker x4  
  67  5:13  Probe  
  68  5:16  Pylon, Probe  
  69  5:25  Probe (Chrono Boost)  
  70  5:30  Stalker x4  
  70  5:33  Shield Battery  
  70  5:35  Probe (Chrono Boost)  
  79  5:37  Probe (Chrono Boost)  
  80  5:45  Probe (Chrono Boost)  
  80  5:46  Probe (Chrono Boost)  
  82  5:50  Probe (Chrono Boost)  
  82  5:52  Probe  
  82  5:55  Stalker x2  
  82  5:56  Stalker  
  89  5:57  Stalker  
  89  5:58  Probe  
  89  6:03  Probe  
  89  6:21  Probe, Stalker x4  
  89  6:23  Probe x2  
  100  6:27  Pylon  
Tags
 
Add a new tag
Caveats
  • Supply blocks, unpowered buildings, or Contaminate may cause inaccurate times.
  • Supply counts are checked every 10 seconds.